 Dungeon Crawl Stone Soup version 0.27.1-34-g3ba077fa99 (webtiles) character file.

Game seed: 7870233192258190585

3167 sankara the Grappler (level 9, -1/83 HPs)
             Began as a Troll Hunter on Jan 18, 2022.
             Was an Initiate of Okawaru.
             Slain by a wyvern zombie (11 damage)
             ... on level 7 of the Dungeon.
             The game lasted 00:15:23 (5029 turns).

sankara the Grappler (Troll Hunter)                 Turns: 5029, Time: 00:15:23

Health: -1/83      AC:  4    Str: 22    XL:     9   Next: 63%
Magic:  0/8        EV: 10    Int:  7    God:    Okawaru [......]
Gold:   489        SH:  0    Dex: 13    Spells: 8/8 levels left

rFire    + . .     SeeInvis .     - Unarmed
rCold    + . .     Faith    .   (no shield)
rNeg     . . .     Spirit   +   b - +0 robe
rPois    .         Reflect  .   (helmet restricted)
rElec    .         Harm     .   (no cloak)
rCorr    .         Rampage  .   (gloves unavailable)
Will     .....                  (boots unavailable)
Stlth    +.........             h - amulet of guardian spirit
HPRegen  1.23/turn              l - ring of protection from fire
MPRegen  0.11/turn              m - ring of protection from cold

@: no status effects
A: large, unfitting armour, claws 3, regeneration 1, shaggy fur 1, tough skin 1
a: Renounce Religion


You were on level 7 of the Dungeon.
You worshipped Okawaru.
Okawaru was noncommittal.
You visited 2 branches of the dungeon, and saw 8 of its levels.

You collected 489 gold pieces.

Inventory:

Hand Weapons
 a - a +0 short sword
Missiles
 c - 5 large rocks (quivered)
 d - 2 throwing nets
 e - 145 stones
 f - 23 poisoned darts
 s - 13 sling bullets
Armour
 b - a +0 robe (worn)
Magical Staves
 q - a staff of death
Jewellery
 h - an amulet of guardian spirit (around neck)
 l - a ring of protection from fire (left claw)
 m - a ring of protection from cold (right claw)
 r - an amulet of faith
Wands
 j - a wand of iceblast (17)
Scrolls
 g - 3 scrolls of vulnerability
 n - 2 scrolls of enchant weapon {unknown}
 t - 3 scrolls of identify
 u - a scroll of blinking {unknown}
 v - 3 scrolls of teleportation {unknown}
Potions
 i - a potion of might
 k - a potion of heal wounds
 o - 5 potions of flight
 p - 2 potions of curing


   Skills:
 + Level 3.3 Fighting
 + Level 7.6 Throwing
 + Level 3.3 Dodging
 - Level 0.3 Stealth
 + Level 9.5 Unarmed Combat
 + Level 2.3 Evocations


You had 8 spell levels left.
You didn't know any spells.
Your spell library contained the following spells:

 Spells                   Type           Power      Damage    Failure   Level
 Animate Skeleton         Necr           0%         N/A       43%         1
 Apportation              Tloc           0%         N/A       43%         1
 Corona                   Hex            0%         N/A       43%         1
 Pain                     Necr           0%         1d4       43%         1
 Summon Small Mammal      Summ           0%         N/A       43%         1
 Ensorcelled Hibernation  Hex/Ice        0%         N/A       56%         2
 Spider Form              Tmut/Pois      0%         N/A       80%         3
 Tukima's Dance           Hex            0%         N/A       80%         3
 Vampiric Draining        Necr           0%         2d6       80%         3
 Airstrike                Air            0%         N/A       99%         4
 Shadow Creatures         Summ           N/A        N/A       100%        6
 Chain Lightning          Conj/Air       0%         N/A       100%        9


Dungeon Overview and Level Annotations

Branches:
Dungeon (7/15)             Temple (1/1) D:7

Altars:
Ashenzari
Cheibriados
Dithmenos
Elyvilon
Fedhas
Gozag
Hepliaklqana
Kikubaaqudgha
Makhleb
Nemelex Xobeh
Okawaru
Qazlal
Ru
Sif Muna
Trog
Uskayaw
Vehumet
Wu Jian
Xom
Yredelemnul
Zin
The Shining One


Innate Abilities, Weirdness & Mutations

You are too large for most types of armour.
You have claws for hands.
Your natural rate of healing is unusually fast.
You are covered in fur. (AC +1)
You have tough skin. (AC +1)


Message History

The wyvern zombie is heavily damaged.
You miss the hornet. The hornet stings you!
You feel yourself slow down.
You claw the hornet!
The hornet is heavily wounded.
You feel yourself speed up. The hornet stings you.
You feel yourself slow down.
Okay, then.
You feel yourself speed up. The hornet stings you!
You feel yourself slow down. The hornet stings you!
You are poisoned.
You feel as though you will be slow longer.
Throw: 8 large rocks
Press: ? - help, Q - select action, (/) - cycle Shift-Dir - straight line, f - hornet
Aim: a hornet (heavily wounded, 48% to hit)
You throw a large rock. The large rock hits the hornet!
The hornet is almost dead.
You feel very sick. The hornet completely misses you.
The hornet barely misses you. The hornet stings you!
* * * LOW HITPOINT WARNING * * *
You feel as though you will be slow longer.
Throw: 7 large rocks
Press: ? - help, Q - select action, (/) - cycle Shift-Dir - straight line, f/p - hornet
Aim: a hornet (almost dead, 48% to hit)
You throw a large rock. The large rock hits the hornet!!
You kill the hornet!
Okawaru is honoured by your kill.
You feel very sick. The wyvern zombie closely misses you.
The wyvern zombie bites you!
* * * LOW HITPOINT WARNING * * *
Throw: 6 large rocks
Press: ? - help, Q - select action, (/) - cycle Shift-Dir - straight line, f - wyvern zombie
Aim: a wyvern zombie (heavily damaged, 79% to hit)
You throw a large rock. The large rock hits the wyvern zombie!
The wyvern zombie is severely damaged.
You feel yourself speed up.
You feel sick.
You are no longer poisoned.
The wyvern zombie bites you!
You die...

# .. ##### ... #
.... ..# #. #..
.. #.###
##.###.#.##.
#...#
#..@Z.......
#.#.#
#..###....?.
#####.#<#####..#
#.###
...............#
#
#####.#........#
#........###
#.#..###.....
######.#..#
#.####
#......#..# #.#


You could see a wyvern zombie.

Vanquished Creatures
  Pikel (D:4)
  Prince Ribbit (D:6)
  A hornet (D:7)
  Sigmund (D:3)
  A vampire (D:7)
  A wyvern (D:6)
  Edmund (D:4)
  5 sky beasts
  3 ogres
  2 lemures (D:4)
  2 phantoms (D:4)
  3 bullfrogs
  A scorpion (D:6)
  3 killer bees (D:4)
  A howler monkey (D:7)
  A hound (D:5)
  4 jellies
  A centaur skeleton (D:4)
  An iguana (D:4)
  2 orc wizards (D:5)
  A hound skeleton (D:4)
  10 gnolls
  8 adders
  A white imp (D:5)
  3 ufetubi
  3 adder skeletons
  A worm (D:4)
  3 dart slugs
  6 orcs
  11 endoplasms
  6 giant cockroaches
  6 goblins
  10 hobgoblins
  11 kobolds
  A quokka (D:1)
  5 ball pythons
  5 bats
  3 frilled lizards
  7 rats
137 creatures vanquished.

Vanquished Creatures (others)
  A bush (D:2)
  2 demonic plants (D:2)
  8 plants (D:2)
  4 toadstools (D:6)
15 creatures vanquished.

Grand Total: 152 creatures vanquished

Notes
Turn   | Place    | Note
-------+----------+-------------------------------------------
     0 | D:1      | sankara the Troll Hunter began the quest for the Orb.
     0 | D:1      | Reached XP level 1. HP: 19/19 MP: 0/0
   141 | D:1      | Reached skill level 1 in Unarmed Combat
   183 | D:1      | Reached XP level 2. HP: 27/27 MP: 1/1
   494 | D:1      | Reached skill level 2 in Unarmed Combat
   600 | D:1      | Reached XP level 3. HP: 33/33 MP: 2/2
   932 | D:2      | Found a burning altar of Makhleb.
  1025 | D:2      | Reached skill level 3 in Unarmed Combat
  1025 | D:2      | Reached XP level 4. HP: 39/41 MP: 3/3
  1420 | D:2      | Found a faded altar of an unknown god.
  1724 | D:3      | Reached XP level 5. HP: 48/48 MP: 4/4
  1818 | D:3      | Reached skill level 4 in Unarmed Combat
  1978 | D:3      | Found a sacrificial altar of Ru.
  2231 | D:3      | Noticed Sigmund
  2239 | D:3      | Killed Sigmund
  2240 | D:3      | Reached skill level 5 in Throwing
  2240 | D:3      | Reached skill level 5 in Unarmed Combat
  2240 | D:3      | Reached XP level 6. HP: 54/55 MP: 2/5
  2464 | D:4      | Noticed Pikel
  2494 | D:4      | Killed Pikel
  2495 | D:4      | Reached skill level 7 in Unarmed Combat
  2495 | D:4      | Reached XP level 7. HP: 56/62 MP: 4/6
  2579 | D:4      | Reached XP level 8. HP: 29/70 MP: 2/7
  2629 | D:4      | Noticed Edmund
  2641 | D:4      | Killed Edmund
  2642 | D:4      | Reached skill level 8 in Unarmed Combat
  2729 | D:4      | You fall into a shaft and drop 2 floors!
  2880 | D:6      | Got Qaij's Disquisition on Feathers and Evil
  3038 | D:6      | Reached skill level 9 in Unarmed Combat
  3125 | D:6      | Noticed Prince Ribbit
  3149 | D:6      | Killed Prince Ribbit
  3150 | D:6      | Reached skill level 1 in Evocations
  3150 | D:6      | Reached XP level 9. HP: 52/79 MP: 4/8
  3443 | D:5      | Entered Level 5 of the Dungeon
  4524 | D:7      | Found a staircase to the Ecumenical Temple.
  4543 | Temple   | Entered the Ecumenical Temple
  4851 | Temple   | Became a worshipper of Warmaster Okawaru
  5029 | D:7      | Slain by a wyvern zombie

Illustrated notes

Levels and vault maps discovered:
D:1:      dpeg_arrival_shrine, layout_loops_corners, hangedman_decor_slide_cut,
          st_stairs_5
D:2:      layout_basic, dreamdust_ecumenical_altar_sealed_demon, serial_forest,
          infiniplex_forest_corner_1, infiniplex_forest_side_room,
          infiniplex_forest_lined_room_2, infiniplex_forest_end_2,
          infiniplex_forest_straight_5, infiniplex_forest_end_2,
          infiniplex_forest_clump_medium, infiniplex_forest_clump_diagonal,
          basic_altar
D:3:      layout_basic, overflow_temple_1_default, uniq_sigmund
D:4:      layout_basic, minmay_misc_feat_secret_circle, uniq_pikel, uniq_edmund
D:5:      layout_basic
D:6:      layout_loops_ring, minmay_gold_behind_fungi, uniq_prince_ribbit1
D:7:      layout_loops_ring, temple_pool_b
Temple:   regret_index_temple_sigil_plot

Skill      XL: |  1  2  3  4  5  6  7  8  9 |
---------------+----------------------------+-----
Unarmed Combat | 1 2 3 5 7 9 |  9.5
Throwing       | 4 5 6 7 |  7.6
Fighting       | 2 3 |  3.3
Dodging        | 2 3 |  3.3
Evocations     | 1 2 |  2.3
Stealth        | |  0.3

Action                   |  1- 3 |  4- 6 |  7- 9 || total
-------------------------+-------+-------+-------++-------
Melee: Unarmed           |    88 |   127 |   176 ||   391
       Punch             |       |     2 |     6 ||     8
Throw: Large rock        |       |     2 |     3 ||     5
       Dart              |       |       |    56 ||    56
       Stone             |       |       |     6 ||     6
  Use: Scroll            |       |     4 |     6 ||    10
       Potion            |       |       |     2 ||     2
 Stab: Sleeping          |     2 |     2 |     2 ||     6
       Distracted        |       |     1 |       ||     1
Armor: Robe              |    28 |    27 |    37 ||    92
Dodge: Dodged            |    35 |    43 |    73 ||   151
